 Dungeon Crawl Stone Soup version 0.30-b1-2-g02819fbbbe (webtiles) character file.

Game seed: 2001675288896745550

644 Mesmaeker13 the Insei (level 7, -7/56 (57) HPs)
             Began as an Octopode Transmuter on May 12, 2023.
             Was an Initiate of Wu Jian.
             Mangled by a wight
             ... wielding a +0 great sword
              (14 damage)
             ... on level 6 of the Dungeon.
             The game lasted 00:09:27 (4174 turns).

Mesmaeker13 the Insei (Octopode Transmuter)         Turns: 4174, Time: 00:09:28

HP:   -7/56 (57)    AC:  6    Str: 14 (15) XL:     7   Next: 52%
MP:   15/19         EV: 10    Int: 15 (18) God:    Wu Jian [......]
Gold: 217           SH:  5    Dex:  9 (12) Spells: 3/10 levels left

rFire   . .          .
                       - Unarmed
rCold   + + +        (shield currently unavailable)
rNeg    . . .        (helmet currently unavailable)
rPois   +            r - amulet of reflection
rElec   +            i - ring of willpower
rCorr   +            m - +6 ring of strength
SInv    .            n - ring of magical power
Will    +....        (no ring)
Stlth   +            (no ring)
HPRegen 0.29/turn    (no ring)
MPRegen 0.16/turn    (no ring)
                     (no ring)

%: reflection
@: ice-form, resistant, flying, lightly drained, invisible
A: freezing attack, boosted hp, almost no armour, amphibious, 8 rings, large,
(camouflage 1), (gelatinous body 1), (nimble swimmer 1), (tentacles)
a: End Transformation, Renounce Religion


You were on level 6 of the Dungeon.
You worshipped Wu Jian.
Wu Jian was noncommittal.
You were a creature of crystalline ice.
You visited 2 branches of the dungeon, and saw 8 of its levels.

You collected 217 gold pieces.

Inventory:

Hand Weapons
 c - a +0 spear
Armour
 e - a +0 buckler
 k - an orb of light
Jewellery
 b - an amulet of magic regeneration
 i - a ring of willpower (left front paw)
 m - a +6 ring of strength (right front paw)
 n - a ring of magical power (on tentacle)
 r - an amulet of reflection (around neck)
Scrolls
 d - 2 scrolls of enchant weapon
 f - a scroll of noise
 g - a scroll of enchant armour {unknown}
 j - 2 scrolls of blinking {unknown}
 q - a scroll of amnesia
 t - a scroll of vulnerability {unknown}
 u - a scroll of fog {unknown}
Potions
 a - a potion of lignification
 h - a potion of attraction
 l - a potion of invisibility


   Skills:
 + Level 4.1 Fighting
 - Level 2.0 Dodging
 + Level 5.0 Unarmed Combat
 - Level 2.0 Spellcasting
 + Level 4.4 Transmutations
 + Level 3.1 Ice Magic


You had 3 spell levels left.
You knew the following spells:

 Your Spells              Type           Power      Damage    Failure   Level
a - Beastly Appendage     Tmut           28%        N/A       3%          1
b - Wereblood             Tmut           14%        N/A       5%          2
c - Ice Form              Ice/Tmut       12%        N/A       43%         4

Your spell library contained the following spells:

 Spells                   Type           Power      Damage    Failure   Level
 Spider Form              Tmut/Pois      8%         N/A       26%         3


Dungeon Overview and Level Annotations

Branches:
Dungeon (7/15)             Temple (1/1) D:5

Altars:
Ashenzari
Cheibriados
Dithmenos
Elyvilon
Fedhas
Gozag
Hepliaklqana
Makhleb
Nemelex Xobeh
Qazlal
Ru
Trog
Uskayaw
Vehumet
Wu Jian
Xom
Yredelemnul
Zin
The Shining One

Shops:
D:4 [   D:6 *

Annotations:
D:4 2 exclusions, Blork the orc, Edmund


Innate Abilities, Weirdness & Mutations

You are a creature of crystalline ice.
You have a powerful freezing melee attack.
Your maximum health is increased.
Your armour is entirely melded.
You are incapable of wielding weapons or throwing items.
You cannot wear most types of armour.
You are amphibious.
You can wear up to eight rings at the same time.
((Your skin changes colour to match your surroundings (Stealth+).))
((Your rubbery body absorbs attacks. (AC +1, EV +1)))
((You are camouflaged when in or above water. (Stealth+)))
((You have tentacles for arms and can constrict up to eight enemies at once.))


Message History

Your transformation is almost over.
Okay, then.
Okay, then.
It was a potion of flight.
You feel very buoyant.
You fly up into the air.
The wight barely misses you.
It was a potion of degeneration.
There was something very wrong with that liquid.
You feel weakened.
You feel dopey.
You feel clumsy. The wight closely misses you.
It was a potion of resistance.
You feel protected. The wight misses you.
Unknown command.
An ice beast and an iguana come into view.
You warm up again.
Okay, then.
Casting: Ice Form (quite dangerous; 43% risk of failure)
Confirm with . or Enter, or press ? or * to list all spells.
The spell is quite dangerous to miscast (43% risk of failure)!
Continue anyway?
You turn into a creature of crystalline ice.
The wight misses you.
Unknown command.
You barely miss the wight.
The wight hits you with a +0 great sword.
* * * LOW HITPOINT WARNING * * *
Okay, then.
As you read the scroll labelled NUNTAPP JYSU, it crumbles to dust.
You hear a loud clanging noise!
It was a scroll of noise.
You hear an angry hiss.
The wight hits you with a +0 great sword!
* * * LOW HITPOINT WARNING * * *
Unknown command.
As you read the scroll labelled PEQUOQUMUCW, it crumbles to dust.
It is a scroll of amnesia.
Really abort (and waste the scroll)?
Okay, then.
The wight hits you with a +0 great sword!
You die...

. ##...............
...##.....#.............
#.........##............
...#.......#....# ....#
.. #...##.#)....##.....
......###.##)>...#..#
.###.# #...#........##
#. ##.....z.......#. #
##...##.#Y...#.....
.....##.##..##..#..
###.###..#...#....#
.##..##............
......#........#..#
#............# .
..##..........###.
..................Y
..#.###...##.!.....


You could see a wight (unable to see you).

Vanquished Creatures
  An ogre (D:6)
  2 scorpions (D:6)
  2 wights (D:6)
  3 hounds
  3 iguanas (D:5)
  An orc wizard (D:6)
  6 gnolls
  2 worms
  3 dart slugs
  9 orcs
  7 ball pythons
  7 endoplasms
  5 giant cockroaches
  4 goblins
  8 hobgoblins
  A quokka (D:4)
  9 bats
  5 frilled lizards
  6 kobolds
  A rat (D:2)
85 creatures vanquished.

Notes
Turn   | Place    | Note
-------+----------+-------------------------------------------
     0 | D:1      | Mesmaeker13 the Octopode Transmuter began the quest for the
                  | Orb.
     0 | D:1      | Reached XP level 1. HP: 13/13 MP: 3/3
   168 | D:1      | Reached XP level 2. HP: 18/18 MP: 5/5
   814 | D:1      | Reached XP level 3. HP: 21/24 MP: 6/6
  1078 | D:2      | Learned a level 2 spell: Wereblood
  1850 | D:2      | Reached XP level 4. HP: 15/29 MP: 7/7
  2391 | D:3      | Learned a level 4 spell: Ice Form
  3182 | D:4      | Noticed Blork the orc
  3208 | D:4      | Reached XP level 5. HP: 28/35 MP: 8/8
  3351 | D:4      | Reached skill level 1 in Ice Magic
  3398 | D:4      | Noticed Edmund
  3399 | D:4      | Found Kicvunie's Armour Emporium.
  3530 | D:5      | Entered Level 5 of the Dungeon
  3548 | D:5      | Reached skill level 4 in Unarmed Combat
  3663 | D:5      | Found a staircase to the Ecumenical Temple.
  3674 | Temple   | Entered the Ecumenical Temple
  3674 | Temple   | Found a transporter.
  3674 | Temple   | Found a transporter.
  3690 | Temple   | Found a transporter.
  3690 | Temple   | Found a transporter.
  3722 | Temple   | Became a worshipper of the Wu Jian Council
  3790 | D:5      | Reached XP level 6. HP: 40/42 MP: 9/9
  3874 | D:5      | You fall into a shaft and drop 2 floors!
  3902 | D:6      | Found Noimnim's Mass Market.
  3994 | D:6      | Reached XP level 7. HP: 43/47 MP: 10/10
  4131 | D:6      | Reached skill level 5 in Unarmed Combat
  4174 | D:6      | Mangled by a wight

Illustrated notes

Levels and vault maps discovered:
D:1:      dpeg_arrival_erosion, layout_basic
D:2:      layout_basic
D:3:      layout_loops_ring, chequers_mini_garden
D:4:      layout_basic, tgw_sif, serial_shops, shop, uniq_edmund
D:5:      kennysheep_big_flooded_room, layout_loops_ring,
          minmay_temple_entry_overgrown
D:6:      layout_cave_pools, serial_column_ruins, column_ruins_courtyard_long,
          column_ruins_open_tiny, column_ruins_columns_water,
          column_ruins_corridor_corner, column_ruins_columns_corner,
          column_ruins_open_tiny, minmay_fountain_box, minmay_shop_mass
D:7:      layout_loops_ring, nicolae_specific_store, hangedman_decor_growths,
          uniq_menkaure, uniq_maggie, uniq_crazy_yiuf_cottage
Temple:   hellmonk_temple_divided_pantheon

Skill      XL: |  1  2  3  4  5  6  7 |
---------------+----------------------+-----
Fighting       | 2 3 4 |  4.1
Transmutations | 3 4 |  4.4
Ice Magic      | 1 2 3 |  3.1
Unarmed Combat | 4 5 |  5.0
Dodging        | |  2.0
Spellcasting   | |  2.0

Action                     |  1- 3 |  4- 6 |  7- 9 || total
---------------------------+-------+-------+-------++-------
  Melee: Unarmed           |    83 |    85 |    11 ||   179
         Constrict         |    22 |    15 |       ||    37
         Kick              |    24 |    23 |       ||    47
         Tentacles         |    11 |    15 |       ||    26
         Punch             |     3 |     2 |       ||     5
   Cast: Beastly Appendage |    32 |    24 |       ||    56
         Ice Form          |       |     3 |     3 ||     6
         Wereblood         |       |     2 |       ||     2
Ability: Lunge             |       |     4 |     2 ||     6
    Use: Scroll            |       |     3 |     2 ||     5
         Potion            |       |       |     4 ||     4
   Stab: Sleeping          |     9 |     4 |       ||    13
 Armour: Skin              |     5 |     6 |       ||    11
  Dodge: Dodged            |    39 |    32 |     7 ||    78
  Block: Other             |       |     3 |     2 ||     5
